 Dungeon Sprint DCSS version 0.31-a0-348-g810772c3d7 (webtiles) character file.

Game seed: 9649222429278271114

106 EC1 the Slasher (level 5, 0/61 HPs)
             Began as a Human Gladiator on July 23, 2023.
             Slain by Sigmund
             ... wielding a +2 scythe of freezing
              (2 damage)
             ... in the Dungeon (Sprint I: "Red Sonja").
             The game lasted 00:00:47 (218 turns).

EC1 the Slasher (Human Gladiator)                    Turns: 218, Time: 00:00:48

Health: 0/61       AC:  4    Str: 16    XL:     5   Next: 10%
Magic:  5/5        EV: 14    Int:  8    God:
Gold:   54         SH:  0    Dex: 15    Spells: 4/4 levels left

rFire   . . .        a - +0 long sword
rCold   . . .        (no shield)
rNeg    . . .        b - +0 leather armour
rPois   .            c - +0 helmet
rElec   .            (no cloak)
rCorr   .            (no gloves)
SInv    .            (no boots)
Will    .....        (no amulet) Stlth
                     (no ring)
HPRegen 0.30/turn    (no ring)
MPRegen 0.09/turn

%: no teleportation
@: berserking, very quick
A: no striking features
a: no special abilities


You were in the Dungeon.
You visited 1 branch You collected 54 gold pieces.

Inventory:

Hand Weapons
 a - a +0 long sword (weapon)
Missiles
 d - 3 throwing nets (quivered)
 e - a javelin
Armour
 b - a +0 leather armour (worn)
 c - a +0 helmet (worn)
Wands
 l - a wand of iceblast (6)
Scrolls
 k - a scroll of blinking
Potions
 h - a potion of haste
 i - 2 potions of magic


   Skills:
 + Level 3.6 Fighting
 + Level 6.6 Long Blades
 + Level 3.3 Throwing
 + Level 1.5 Armour
 + Level 6.0 Dodging


You had 4 spell levels left.
You didn't know any spells.
Your spell library was empty.

Dungeon Overview and Level Annotations

Branches:
Dungeon (1/1)

Altars:

Annotations:
D Sigmund


Message History

You barely miss Sigmund. You barely miss Sigmund. Sigmund barely misses you.
You closely miss Sigmund.
Sigmund mumbles some strange words.
Sigmund flickers and vanishes!
Deactivating autopickup; reactivate with Ctrl-A.
You closely miss something. Something hits you! Something freezes you.
You miss something. You slash something! Something hits you but does no damage.
You closely miss something.
You hear some strange, mumbled words.
You are confused.
You completely miss something.
You hear some strange, mumbled words.
A puff of flame appears from out of thin air!
The puff of flame hits you!
You bump into the rock wall.
Something hits you. Something freezes you.
You hit something. Something hits you!
* * * LOW HITPOINT WARNING * * *
Something freezes you.
* * * LOW HITPOINT WARNING * * *
There is an open door here.
You feel better. Something hits you!
* * * LOW HITPOINT WARNING * * *
Something freezes you.
* * * LOW HITPOINT WARNING * * *
A red film seems to cover your vision as you go berserk!
You feel yourself moving faster!
You feel mighty! Something barely misses you.
You feel a strong urge to attack something.
There is an open door here.
You are too injured to fight recklessly!
You are too injured to fight recklessly!
You are too injured to fight recklessly!
You are too injured to fight recklessly!
You are too injured to fight recklessly!
You are too injured to fight recklessly!
You closely miss something. Something hits you.
* * * LOW HITPOINT WARNING * * *
Something freezes you.
You die...

#############
#<.#..').#..+
#..').#..@{.#
#..#####'####
#..# #..#
#..# ####
#..# #⌠⌠#
####


There were no monsters in sight!

Vanquished Creatures
  An ogre (D)
  Ijyb (D)
2 creatures vanquished.

Notes
Turn   | Place    | Note
-------+----------+-------------------------------------------
     0 | D        | EC1 the Human Gladiator began the quest for the Orb.
     0 | D        | Reached XP level 1. HP: 16/16 MP: 1/1
     2 | D        | Noticed Ijyb
    12 | D        | Killed Ijyb
    13 | D        | Reached XP level 2. HP: 3/23 MP: 2/2
    13 | D        | Reached XP level 3. HP: 4/28 MP: 3/3
   116 | D        | Noticed an ogre
   124 | D        | Killed an ogre
   125 | D        | Reached skill level 1 in Armour
   125 | D        | Reached XP level 4. HP: 20/36 MP: 4/4
   125 | D        | Reached XP level 5. HP: 23/41 MP: 5/5
   200 | D        | Noticed Sigmund
   218 | D        | HP: 2/61 [something (5)]
   218 | D        | Slain by Sigmund

Illustrated notes

Levels and vault maps discovered:
D:        dungeon_sprint_1 [red_sonja_temple_1, red_sonja_temple_small_1]

Skill      XL: |  1  2  3 |
---------------+----------+-----
Long Blades    | 4 6 |  6.6
Dodging        | 4 6 |  6.0
Fighting       | 3 |  3.6
Throwing       | 3 |  3.3
Armour         | 1 |  1.5

Action                     |  1- 3 |  4- 6 || total
---------------------------+-------+-------++-------
  Melee: Long sword        |    14 |    12 ||    26
    Use: Potion            |     1 |     2 ||     3
 Armour: Leather armour    |     1 |     1 ||     2
  Dodge: Dodged            |     4 |     5 ||     9

Table legend: (Time is in decaauts)
 A = Elapsed time spent in this place.
 B = Non-inter-level travel time spent in this place.
 C = Inter-level travel time spent in this place.
 D = Time resting spent in this place.
 E = Time spent auto-exploring this place.
 F = Levels seen in this place.
 G = Mean time per level.
                   A        B        C        D        E       F      G
               +--------+--------+--------+--------+--------+-----+--------+
         Total |    221 |    221 |      0 |    166 |      0 |   1 |  221.0 |
       Dungeon |    221 |    221 |      0 |    166 |      0 |   1 |  221.0 |
               +--------+--------+--------+--------+--------+-----+--------+

Top non-repeatable levels by time:
       D: 221 daAuts
